 Dungeon Crawl Stone Soup version 0.30.1-3-gfc49f6343a (webtiles) character file.

Game seed: 15271791701743497340

3778 KyoPewz the Basher (level 10, -5/88 HPs)
             Began as an Ogre Gladiator on Aug 4, 2023.
             Was a High Priest of Jiyva.
             Slain by a manticore (10 damage)
             ... on level 9 of the Dungeon.
             The game lasted 00:24:26 (7785 turns).

KyoPewz the Basher (Ogre Gladiator)                 Turns: 7785, Time: 00:24:26

Health: -5/88      AC: 10    Str: 30    XL:     10   Next: 16%
Magic:  10/10      EV: 10    Int:  9    God:    Jiyva [*****.]
Gold:   357        SH:  0    Dex: 10    Spells: 9/9 levels left

rFire   . . .        E - +5 mace
rCold   . . .        (no shield)
rNeg    . . .        b - +0 robe
rPois   +            c - +0 hat
rElec   .            e - +0 cloak
rCorr   +            (gloves unavailable)
SInv    .            (boots unavailable)
Will    +....        (no amulet)
Stlth   +            f - +6 ring of strength
HPRegen 1.78/turn    P - ring of poison resistance
MPRegen 0.57/turn

%: no passive effects
@: calling ooze
A: large, unfitting armour, tough skin 1, claws 3, iridescent scales 3
a: Renounce Religion, Oozemancy, Slimify


You were on level 9 of the Dungeon.
You worshipped Jiyva.
Jiyva was extremely pleased with you.
You visited 1 branch of the dungeon, and saw 9 of its levels.

You collected 357 gold pieces.

Inventory:

Hand Weapons
 w - a +0 giant club
 x - a +0 giant spiked club
 E - a +5 mace (weapon)
Missiles
 d - 3 throwing nets (quivered)
 g - 49 stones
 s - 9 boomerangs of dispersal
 v - a large rock
Armour
 b - a +0 robe (worn)
 c - a +0 hat (worn)
 e - a +0 cloak (worn)
Jewellery
 f - a +6 ring of strength (left claw)
 B - a ring of magical power
 F - a ring of protection from fire
 P - a ring of poison resistance (right claw)
Wands
 m - a wand of quicksilver (9)
 u - a wand of roots (6)
 C - a wand of flame (10)
 D - a wand of digging (6)
Scrolls
 a - a scroll of noise {unknown}
 i - a scroll of blinking {unknown}
 j - a scroll of enchant armour {unknown}
 l - a scroll of vulnerability {unknown}
 o - a scroll of summoning {unknown}
 p - 3 scrolls of amnesia
 r - 2 scrolls of identify
 t - 4 scrolls of teleportation
 y - 2 scrolls of fog {unknown}
 z - a scroll of enchant weapon {unknown}
 A - a scroll of magic mapping {unknown}
 G - a scroll of acquirement {unknown}
 H - a scroll of immolation {unknown}
Potions
 h - a potion of haste
 k - a potion of lignification
 n - a potion of cancellation
 q - 7 potions of curing


   Skills:
 - Level 2.6 Fighting
 + Level 13.3 Maces & Flails
 - Level 2.0 Throwing
 - Level 2.6 Dodging


You had 9 spell levels left.
You didn't know any spells.
Your spell library contained the following spells:

 Spells                   Type           Power      Damage    Failure   Level
 Blink                    Tloc           0%         N/A       52%         2
 Lesser Beckoning         Tloc           0%         N/A       52%         2
 Momentum Strike          Conj/Tloc      0%         3d8       52%         2
 Dazzling Flash           Conj/Hex       0%         N/A       77%         3
 Gell's Gravitas          Tloc           0%         N/A       77%         3
 Teleport Other           Tloc           0%         N/A       77%         3
 Volatile Blastmotes      Fire/Tloc      0%         2d10      77%         3
 Iskenderun's Mystic Bla  Conj/Tloc      0%         2d3       99%         4
 Starburst                Conj/Fire      0%         6d3       100%        6


Dungeon Overview and Level Annotations

Branches:
Dungeon (9/15)             Temple (0/1) D:5
   Lair: D:8-11         Orc: D:9-12

Altars:
Kikubaaqudgha
Makhleb
Nemelex Xobeh
Okawaru
Trog
Jiyva

Shops:
D:1 [   D:3 (


Innate Abilities, Weirdness & Mutations

You are too large for most types of armour.
You have tough skin. (AC +1)
You have claws for hands.
You are completely covered in iridescent scales. (AC +6)


Message History

You take 16 damage, and have 48/88 hp.
You now have 7/10 mp.
You sock the manticore!
The manticore is moderately wounded.
The wall burns the manticore!
The manticore bites you! The manticore barely misses you.
The manticore claws you.
The walls burn the yak! x2
You take 16 damage, and have 32/88 hp.
You hit the manticore.
The manticore is heavily wounded.
The wall burns the yak!
The yak barely misses you.
The wall burns the manticore!
The manticore bites you!
* * * LOW HITPOINT WARNING * * *
The manticore claws you.
* * * LOW HITPOINT WARNING * * *
The manticore closely misses you.
The walls burn the yak!
You take 9 damage, and have 23/88 hp.
You sock the manticore!
The manticore is severely wounded.
You carefully extract the barbed spikes from your body.
You hit the manticore but do no damage.
The manticore is severely wounded.
The wall burns the yak!
The yak misses you.
The wall burns the manticore!
The manticore misses you.
The manticore claws you but does no damage.
The manticore closely misses you.
You hit the manticore but do no damage.
The manticore is almost dead.
The walls burn the yak!
The wall burns the manticore!
The manticore bites you!
* * * LOW HITPOINT WARNING * * *
The manticore claws you but does no damage.
The manticore completely misses you.
The wall burns the yak!
The yak closely misses you.
You take 10 damage, and have 15/88 hp.
MP restored: 10 You barely miss the manticore.
The manticore is almost dead.
The walls burn the yak!
The wall burns the manticore!
The manticore bites you!
* * * LOW HITPOINT WARNING * * *
The manticore claws you!
You die...

............#.......#
####........#.......+ ...
...###'######.......########...
...............................
...............................
########.......................
#+####.................#
#........#..Y.........>....# .
#........#..Y@......<......# ..
#........#.YH###########...# .
.#........#Y..# ..#
............')..#
.Y..#.......#...#
.....Y.Y....#...# ...oYh.<..#
#'### ..o.+...Y.# .# P #..o.o#


You could see a manticore and 4 yaks.

Vanquished Creatures
  Prince Ribbit (D:8)
  A shadow (D:8)
  2 yaks (D:8)
  A steam dragon (D:6)
  2 wargs
  Duvessa (D:4)
  2 ice beasts
  A sky beast (D:7)
  A black bear (D:4)
  2 ogres (D:5)
  2 centaurs
  5 bullfrogs
  A gnoll sergeant (D:6)
  4 scorpions
  8 wights
  Dowan (D:4)
  6 killer bees
  A howler monkey (D:5)
  3 hounds
  4 orc priests
  Crazy Yiuf (D:4)
  3 sleepcaps
  4 iguanas
  4 orc wizards
  5 gnolls (D:6)
  4 adders
  A shadow imp (D:8)
  2 white imps
  4 dart slugs
  26 orcs
  A ball python (D:1)
  6 bats
  3 endoplasms (D:2)
  12 giant cockroaches
  6 goblins
  3 hobgoblins
  10 jackals
  2 quokkas (D:1)
  A frilled lizard (D:2)
  10 kobolds
  4 rats
161 creatures vanquished.

Vanquished Creatures (others)
  A water moccasin (D:7)
  A kobold brigand (D:7)
  A scorpion (D:5)
  2 killer bees (D:7)
  2 howler monkeys
  12 jellies
  A hound (D:7)
  An orc priest (D:5)
  2 orc wizards
  3 adders
  A shadow imp (D:7)
  A worm (D:3)
  9 orcs
  An endoplasm (D:3)
  2 giant cockroaches
  2 quokkas
  A frilled lizard (D:3)
  2 kobolds (D:7)
45 creatures vanquished.

Grand Total: 206 creatures vanquished

Notes
Turn   | Place    | Note
-------+----------+-------------------------------------------
     0 | D:1      | KyoPewz the Ogre Gladiator began the quest for the Orb.
     0 | D:1      | Reached XP level 1. HP: 22/22 MP: 1/1
   100 | D:1      | Reached skill level 3 in Maces & Flails
   112 | D:1      | Reached XP level 2. HP: 23/29 MP: 2/2
   448 | D:1      | Reached XP level 3. HP: 32/36 MP: 3/3
   623 | D:1      | Found Qakhluq's Antique Armour Shoppe.
   892 | D:2      | Reached skill level 4 in Maces & Flails
  1370 | D:2      | Reached XP level 4. HP: 27/44 MP: 4/4
  1859 | D:2      | Found a faded altar of an unknown god.
  1953 | D:2      | Prayed at the altar of an unknown god.
  1953 | D:2      | Became a worshipper of Jiyva Jissestr the Shapeless
  1953 | D:2      | Reached * piety under Jiyva
  2182 | D:3      | Reached skill level 5 in Maces & Flails
  2182 | D:3      | Reached XP level 5. HP: 45/50 MP: 5/5
  2358 | D:3      | Reached ** piety under Jiyva
  2638 | D:3      | Found Yciuzall's Weapon Emporium.
  2842 | D:4      | Found a burning altar of Makhleb.
  2842 | D:4      | Found an ancient bone altar of Kikubaaqudgha.
  2994 | D:4      | Noticed Duvessa
  2994 | D:4      | Noticed Dowan
  3020 | D:4      | Reached *** piety under Jiyva
  3109 | D:4      | Identified the +1 pair of gloves of Wadd {rElec Regen+
                  | Str+3}
  3134 | D:4      | Noticed a black bear
  3140 | D:4      | Killed a black bear
  3141 | D:4      | Reached skill level 6 in Maces & Flails
  3141 | D:4      | Reached XP level 6. HP: 44/59 MP: 6/6
  3255 | D:4      | Killed Dowan
  3255 | D:4      | Killed Duvessa
  3256 | D:4      | Reached skill level 7 in Maces & Flails
  3256 | D:4      | Reached XP level 7. HP: 38/66 MP: 3/7
  3344 | D:4      | Found an iron altar of Okawaru.
  3586 | D:4      | Found a runed translucent door.
  3587 | D:4      | Noticed Crazy Yiuf
  3797 | D:4      | Killed Crazy Yiuf
  3848 | D:5      | Entered Level 5 of the Dungeon
  3878 | D:5      | Reached skill level 8 in Maces & Flails
  3918 | D:5      | Reached XP level 8. HP: 60/74 MP: 8/8
  4347 | D:5      | Reached skill level 9 in Maces & Flails
  4529 | D:6      | Gained mutation: You are partially covered in iridescent
                  | scales. (AC +2) [Jiyva's grace]
  4529 | D:6      | Gained mutation: You are mostly covered in iridescent
                  | scales. (AC +4) [Jiyva's grace]
  4529 | D:6      | Gained mutation: You are completely covered in iridescent
                  | scales. (AC +6) [Jiyva's grace]
  4529 | D:6      | Gained mutation: You expend magic power (3 MP) to
                  | strengthen your wands. [Jiyva's grace]
  4618 | D:6      | Found a sparkling altar of Nemelex Xobeh.
  4807 | D:6      | You fall into a shaft and drop 3 floors!
  4854 | D:9      | Noticed a yak
  4888 | D:9      | Reached skill level 10 in Maces & Flails
  5068 | D:6      | Reached XP level 9. HP: 18/67 MP: 9/9
  5203 | D:5      | Found a staircase to the Ecumenical Temple.
  5263 | D:5      | Reached **** piety under Jiyva
  5768 | D:7      | Reached skill level 11 in Maces & Flails
  5857 | D:7      | Found a bloodstained altar of Trog.
  6225 | D:7      | Reached ***** piety under Jiyva
  6235 | D:7      | Identified the +1 scale mail of Kompet Ruahu {rElec rCorr}
  6239 | D:7      | Lost mutation: You are completely covered in iridescent
                  | scales. (AC +6) [Jiyva's grace]
  6239 | D:7      | Lost mutation: You expend magic power (3 MP) to strengthen
                  | your wands. [Jiyva's grace]
  6239 | D:7      | Gained mutation: You are completely covered in iridescent
                  | scales. (AC +6) [Jiyva's grace]
  6239 | D:7      | Gained mutation: You have sharp fingernails. [Jiyva's
                  | grace]
  6239 | D:7      | Gained mutation: You have very sharp fingernails. [Jiyva's
                  | grace]
  6239 | D:7      | Gained mutation: You have claws for hands. [Jiyva's grace]
  7025 | D:8      | Noticed Prince Ribbit
  7054 | D:8      | Reached skill level 12 in Maces & Flails
  7075 | D:8      | Killed Prince Ribbit
  7390 | D:8      | Reached XP level 10. HP: 88/88 MP: 10/10
  7736 | D:8      | Reached skill level 13 in Maces & Flails
  7772 | D:9      | Noticed a manticore
  7785 | D:9      | Slain by a manticore

Illustrated notes

Levels and vault maps discovered:
D:1:      saegor_arrival_fortress, layout_loops_ring, serial_shops,
          nicolae_shop_trees
D:2:      layout_basic, hellmonk_ecumenical_altar_prayer_group,
          minmay_worlds_worst_comb
D:3:      layout_loops_cross, serial_shops, shop, serial_bayou_pond_c,
          corexii_leaking_fountain
D:4:      layout_loops_corners, okawaru_ov_weapons_minmay,
          gammafunk_temple_overflow_statue, kennysheep_generic_room_8,
          uniq_duvessa, uniq_crazy_yiuf_cottage
D:5:      layout_basic, minmay_temple_entry_statues_fountains
D:6:      layout_loops_corners, nemelex_xobeh_ov_fountains_minmay
D:7:      layout_layer_cave, minivault_1, minmay_ruined_shrine
D:8:      layout_loops_cross, hangedman_abyss_or_decor_stagger,
          minmay_microvault, uniq_prince_ribbit1
D:9:      layout_irregular_city, mainiacjoe_overflow_24_doors,
          erik_lair_orcish_takeover

Skill      XL: |  1  2  3  4  5  6  7  8  9 10 |
---------------+-------------------------------+-----
Maces & Flails | 3 4 5 6 7 8 10 12 13 | 13.3
Fighting       | |  2.6
Throwing       | |  2.0
Dodging        | |  2.6

Action                     |  1- 3 |  4- 6 |  7- 9 | 10-12 || total
---------------------------+-------+-------+-------+-------++-------
  Melee: Flail             |   117 |   141 |   149 |       ||   407
         Punch             |     4 |     1 |     3 |       ||     8
         Mace              |       |       |   162 |    31 ||   193
  Throw: Large rock        |       |       |     1 |       ||     1
 Invoke: Oozemancy         |       |     1 |     2 |     2 ||     5
    Use: Scroll            |       |       |     8 |       ||     8
         Potion            |       |       |     1 |       ||     1
   Stab: Sleeping          |     1 |       |       |       ||     1
 Armour: Robe              |    41 |    53 |   133 |    13 ||   240
  Dodge: Dodged            |    74 |    77 |   178 |    19 ||   348
